 Dungeon Crawl Stone Soup version 0.19.0-9-gfd783f2 (webtiles) character file.

24037 KrixSyzygy the Cleaver (level 12, -8/186 HPs)
             Began as a Troll Berserker on Nov 6, 2016.
             Was a High Priest of Trog.
             Mangled by a sixfirhy (10 damage)
             ... summoned by an orc high priest
             ... on level 2 of the Orcish Mines on Nov 7, 2016.
             The game lasted 02:52:52 (12063 turns).

KrixSyzygy the Cleaver (Troll Berserker)           Turns: 12063, Time: 02:52:54

Health: -8/186     AC:  8    Str: 36    XL:     12   Next: 77%
Magic:  11/11      EV: 13    Int:  3    God:    Trog [*****.]
Gold:   956        SH:  0    Dex: 10    Spells: 0 memorised, 11 levels left

rFire  . . .     SeeInvis +     S - +6 battleaxe (flame)
rCold  . . .     Gourm    +     X - +0 troll leather armour
rNeg   . . .     Faith    .     (shield currently unavailable)
rPois  .         Spirit   .     (helmet restricted)
rElec  .         Reflect  .     g - +0 cloak
rCorr  .         Harm     .     (gloves unavailable)
MR     +....                    (boots unavailable)
Stlth  ..........               o - amulet of regeneration
                                F - ring of protection from magic
                                j - ring of see invisible

@: berserking, very quick
A: unfitting armour, claws 3, fast metabolism 3, gourmand, regeneration 1,
shaggy fur 1, tough skin 2
a: Berserk, Trog's Hand, Brothers in Arms, Burn Spellbooks, Renounce Religion


You were on level 2 of the Orcish Mines.
You worshipped Trog.
Trog was extremely pleased with you.
You were not hungry.

You visited 3 branches of the dungeon, and saw 14 of its levels.
You also visited: Sewer.

You collected 1203 gold pieces.
You spent 247 gold pieces at shops.

Inventory:

Hand Weapons
 l - a +1 hand axe
 y - a +3 war axe of freezing
 E - a +5 antimagic battleaxe
 H - a +4 antimagic dire flail
 M - a +2 hand axe of chopping
 N - a +4 battleaxe
 S - a +6 battleaxe of flaming (weapon)
Armour
 b - a +1 animal skin
 g - a +0 cloak (worn)
 I - a +1 hat
 X - a +0 troll leather armour (worn)
Jewellery
 j - a ring of see invisible (left claw)
 o - an amulet of regeneration (around neck)
 p - an uncursed ring of ice
 C - an uncursed ring of ice
 F - a ring of protection from magic (right claw)
 P - an uncursed amulet of rage
Wands
 n - a wand of acid (15/15)
 w - a wand of hasting (3/9)
 B - a wand of lightning (10/15)
 O - a wand of polymorph (11/24)
 U - a wand of digging (9/24)
 W - a wand of slowing (24/48)
Scrolls
 i - 11 scrolls of teleportation
 t - 2 scrolls of fear
 u - 2 scrolls of magic mapping
 D - 2 scrolls of fog
 G - 2 scrolls of remove curse
 J - a scroll of enchant weapon
 Q - 4 scrolls of blinking
Potions
 a - a potion of beneficial mutation {unknown}
 d - 3 potions of might
 e - 2 potions of flight
 f - 3 potions of lignification
 h - 2 potions of berserk rage
 r - a potion of cure mutation {unknown}
 s - a potion of magic {unknown}
 v - a potion of heal wounds {unknown}
 x - a potion of curing {unknown}
 z - 2 potions of agility
 A - a potion of resistance
 L - 2 potions of brilliance
 V - a potion of cancellation {unknown}
Comestibles
 c - 5 bread rations
 k - 2 slices of pizza
 m - 6 meat rations
 q - 10 beef jerkies
 R - 2 fruits


   Skills:
 + Level 9.4 Fighting
 + Level 13.3 Axes
 + Level 2.6 Armour
 - Level 7.8 Dodging
 - Level 2.3 Stealth
 - Level 0.1 Evocations


You had 11 spell levels left.
You didn't know any spells.

Dungeon Overview and Level Annotations

Branches:
Dungeon (11/15)            Temple (1/1) D:7            Lair (0/6) D:11
    Orc (2/2) D:11            Elf (0/3) Orc:2

Altars:
Ashenzari
Cheibriados
Dithmenos
Elyvilon
Fedhas
Gozag
Hepliaklqana
Kikubaaqudgha
Makhleb
Nemelex Xobeh
Okawaru
Qazlal
Ru
Sif Muna
Trog
Uskayaw
Vehumet
Xom
Yredelemnul
Zin
The Shining One

Shops:
D:4 (   D:10 :


Innate Abilities, Weirdness & Mutations

You are too large for most types of armour.
You have claws for hands.
Your metabolism is lightning-fast.
You like to eat raw meat.
Your natural rate of healing is unusually fast.
You are covered in fur. (AC +1)
You have very tough skin. (AC +2)


Message History

The soul eater draws from the surrounding life force!
The soul eater is healed.
You slice the soul eater!! You burn the soul eater.
The soul eater is almost dead.
You miss the sixfirhy. The sixfirhy hits you! The sixfirhy shocks you!
* * * LOW HITPOINT WARNING * * *
The sixfirhy hits you.
* * * LOW HITPOINT WARNING * * *
The sixfirhy shocks you!
* * * LOW HITPOINT WARNING * * *
The sixfirhy barely misses you. The red devil closely misses you.
The orc high priest hits you but does no damage.
The sixfirhy hits you!
* * * LOW HITPOINT WARNING * * *
The sixfirhy shocks you!
* * * LOW HITPOINT WARNING * * *
The sixfirhy hits you!
* * * LOW HITPOINT WARNING * * *
The sixfirhy shocks you!
You die...

...........#.###.#........#.##
.....<........###.....<....##
..>....................##.##
.......##.....#####....####
..#...#####...# #.....#
.###### ###..# +.8...## ..#
#....# #......# .##
#..[.#####.......# ..#
##...[3@#######.## #.#
###..3## ## ... #.4o# #.##
##.### #....## ##.[...#
#....[## ##.#.## ##...#


You could see a soul eater, an orc high priest, a sixfirhy and a red devil.

Vanquished Creatures
  Gastronok (D:8)
  Erolcha (Orc:2)
  Fannar (Orc:1)
  4 orc high priests (Orc:2)
  An unseen horror (D:10)
  6 hill giants
  Pikel (D:8)
  A manticore (D:10)
  An orc sorcerer (Orc:2)
  2 orc knights (Orc:2)
  Joseph (D:7)
  The ghost of Dri the Covered, a novice MiFi (D:5)
  Maurice (D:10)
  A two-headed ogre (D:8)
  2 trolls
  The ghost of Bargorn the Skirmisher, an amateur FoFi of Uskayaw (D:4)
  Grinder (D:4)
  Prince Ribbit (D:9)
  A hippogriff (D:8)
  A wyvern (D:11)
  3 yaks (D:10)
  Grum (D:9)
  2 mottled dragons (D:11)
  5 wargs
  2 water moccasins
  2 ice beasts
  26 orc warriors
  A sky beast (D:5)
  3 phantoms
  4 ogres
  11 centaurs
  A necrophage (D:10)
  4 wolves (D:9)
  Blork the orc (D:4)
  A big kobold (D:10)
  A bullfrog (D:7)
  A scorpion (D:5)
  10 killer bees
  15 wights
  3 howler monkeys (D:11)
  3 bullfrog zombies
  3 crimson imps
  8 hounds
  A quasit (D:11)
  3 jellies
  2 centaur skeletons
  25 orc priests
  17 orc wizards
  5 iguanas
  6 worker ants
  18 adders
  5 gnolls
  4 shadow imps
  An adder skeleton (D:4)
  4 worms
  4 dart slugs
  5 leopard geckos
  107 orcs
  7 bats
  5 giant cockroaches
  19 goblins
  11 hobgoblins
  8 jackals
  3 quokkas
  4 ball pythons
  13 frilled lizards
  12 kobolds
  11 rats
  A bush (D:4)
  A plant (D:10)
443 creatures vanquished.

Vanquished Creatures (collateral kills)
  Snorg (Orc:2)
  An orc warrior (Orc:2)
  An ogre (Orc:2)
3 creatures vanquished.

Vanquished Creatures (others)
  A bush (D:8)
  9 plants
10 creatures vanquished.

Grand Total: 456 creatures vanquished

Notes
Turn   | Place    | Note
-------+----------+-------------------------------------------
     0 | D:1      | KrixSyzygy the Troll Berserker began the quest for the Orb.
     0 | D:1      | Reached XP level 1. HP: 22/22 MP: 0/0
   109 | D:1      | Reached XP level 2. HP: 29/29 MP: 1/1
   493 | D:1      | Reached XP level 3. HP: 10/36 MP: 2/2
   913 | D:2      | Reached skill level 3 in Axes
  1170 | D:2      | Reached ** piety under Trog
  1290 | D:2      | Reached XP level 4. HP: 44/44 MP: 3/3
  1816 | D:3      | Reached XP level 5. HP: 48/53 MP: 4/4
  1994 | D:3      | Found a radiant altar of Vehumet.
  2069 | D:4      | Noticed Blork the orc
  2080 | D:4      | Killed Blork the orc
  2080 | D:4      | Reached skill level 4 in Axes
  2310 | D:4      | Reached XP level 6. HP: 55/61 MP: 5/5
  2380 | D:4      | Reached *** piety under Trog
  2603 | D:4      | Found a sacrificial altar of Ru.
  2699 | D:4      | Noticed Grinder
  2712 | D:4      | Killed Grinder
  2712 | D:4      | Reached skill level 5 in Axes
  2712 | D:4      | Reached XP level 7. HP: 68/68 MP: 6/6
  2936 | D:4      | Noticed Bargorn's ghost (amateur FoFi)
  3056 | D:4      | Found Afrechim's Antique Weapon Boutique.
  3064 | D:4      | Bought a glowing war axe for 247 gold pieces
  3072 | D:4      | Killed Bargorn's ghost
  3132 | D:5      | Entered Level 5 of the Dungeon
  3151 | D:5      | Reached skill level 6 in Axes
  3206 | D:5      | Found a glowing drain.
  3213 | Sewer    | Entered a sewer
  3649 | D:5      | Noticed Dri's ghost (novice MiFi)
  3658 | D:5      | Killed Dri's ghost
  3658 | D:5      | Reached XP level 8. HP: 79/79 MP: 7/7
  3688 | D:5      | Reached skill level 7 in Axes
  3927 | D:5      | Reached **** piety under Trog
  4614 | D:6      | Reached skill level 5 in Fighting
  4618 | D:6      | Reached skill level 5 in Dodging
  4698 | D:6      | Reached XP level 9. HP: 74/88 MP: 8/8
  4906 | D:7      | Reached skill level 1 in Stealth
  4927 | D:7      | Reached ***** piety under Trog
  4955 | D:7      | Found a staircase to the Ecumenical Temple.
  4961 | D:7      | Reached skill level 8 in Axes
  5034 | D:7      | Noticed Joseph
  5045 | D:7      | Killed Joseph
  5045 | D:7      | Received a gift from Trog
  5134 | Temple   | Entered the Ecumenical Temple
  5613 | D:8      | Found a shimmering altar of Xom.
  5613 | D:8      | Found a glowing golden altar of the Shining One.
  5614 | D:8      | Found a shadowy altar of Dithmenos.
  5816 | D:8      | Noticed Pikel
  5820 | D:8      | Killed Pikel
  5820 | D:8      | Reached skill level 9 in Axes
  6022 | D:8      | Reached XP level 10. HP: 90/100 MP: 9/9
  6221 | D:8      | Noticed Gastronok
  6236 | D:8      | Killed Gastronok
  6236 | D:8      | Reached skill level 10 in Axes
  6280 | D:8      | Noticed Maurice
  7521 | D:9      | Noticed Prince Ribbit
  7529 | D:9      | Killed Prince Ribbit
  7533 | D:9      | Noticed Grum
  7543 | D:9      | Killed Grum
  7602 | D:10     | Entered Level 10 of the Dungeon
  7602 | D:10     | Noticed an unseen horror
  7602 | D:10     | Noticed a hill giant
  7623 | D:10     | Noticed a hill giant
  7629 | D:10     | Killed a hill giant
  7684 | D:10     | Noticed a manticore
  7694 | D:10     | Killed a manticore
  7694 | D:10     | Reached XP level 11. HP: 77/109 MP: 10/10
  7860 | D:10     | Reached skill level 11 in Axes
  7968 | D:10     | Noticed a hill giant
  7979 | D:10     | Killed a hill giant
  8070 | D:10     | Killed an unseen horror
  8101 | D:10     | Found Pucouh's Book Shop.
  8102 | D:10     | Noticed a hill giant
  8114 | D:10     | Killed a hill giant
  8159 | D:10     | Killed Maurice
  8488 | D:10     | Killed a hill giant
  8925 | D:11     | Received a gift from Trog
  9316 | D:11     | Noticed a hill giant
  9343 | D:11     | Killed a hill giant
  9427 | D:11     | Reached skill level 12 in Axes
  9488 | D:11     | Found a staircase to the Lair.
  9711 | D:11     | Found a staircase to the Orcish Mines.
  9850 | D:11     | Noticed a hill giant
  9858 | D:11     | Killed a hill giant
 10023 | Orc:1    | Entered Level 1 of the Orcish Mines
 10040 | D:11     | Reached XP level 12. HP: 17/122 MP: 11/11
 10362 | Orc:1    | Found a deep blue altar of Sif Muna.
 10423 | Orc:1    | Noticed Fannar
 10440 | Orc:1    | Killed Fannar
 10632 | Orc:2    | Entered Level 2 of the Orcish Mines
 10713 | Orc:1    | Reached skill level 1 in Armour
 10754 | Orc:2    | Noticed Erolcha
 10767 | Orc:2    | Killed Erolcha
 10821 | Orc:2    | Found a staircase to the Elven Halls.
 10830 | Orc:2    | Noticed Snorg
 10837 | Orc:2    | Killed Snorg
 11156 | Orc:1    | Reached ****** piety under Trog
 11156 | Orc:1    | Received a gift from Trog
 11249 | Orc:2    | Noticed an orc high priest
 11290 | Orc:2    | Killed an orc high priest
 11448 | Orc:2    | Noticed an orc high priest
 11587 | Orc:2    | Killed an orc high priest
 11646 | Orc:2    | Reached skill level 13 in Axes
 11753 | Orc:2    | Upgraded the game from 0.19.0-2-gae57169 to 0.19.0-9-gfd783f2
 11758 | Orc:2    | Noticed an orc high priest
 11795 | Orc:2    | Killed an orc high priest
 11890 | Orc:2    | Noticed an orc high priest
 11891 | Orc:2    | Noticed an orc high priest
 11948 | Orc:2    | Killed an orc high priest
 12063 | Orc:2    | HP: 9/186 [sixfirhy[an orc high priest] (12)]
 12063 | Orc:2    | HP: 2/186 [sixfirhy[an orc high priest] (7)]
 12063 | Orc:2    | Mangled by a sixfirhy

Skill      XL: |  1  2  3  4  5  6  7  8  9 10 11 12 |
---------------+-------------------------------------+-----
Axes           | 3 4 5 6 7 9 10 12 13 | 13.3
Dodging        | 3 4 5 6 7 |  7.8
Fighting       | 3 4 5 6 7 8 9 |  9.4
Stealth        | 1 2 |  2.3
Armour         | 2 |  2.6
Evocations     | |  0.1

Action                   |  1- 3 |  4- 6 |  7- 9 | 10-12 || total
-------------------------+-------+-------+-------+-------++-------
Melee: Hand axe          |   122 |   194 |   150 |       ||   466
       War axe           |       |       |   271 |   527 ||   798
       Battleaxe         |       |       |       |   123 ||   123
Invok: Berserk           |     4 |     3 |     7 |    18 ||    32
       Burn Spellbooks   |       |     1 |     1 |     1 ||     3
       Brothers in Arms  |       |       |       |     1 ||     1
Evoke: Wand              |       |       |       |     1 ||     1
  Use: Scroll            |       |     5 |    16 |     2 ||    23
       Potion            |       |       |     5 |     3 ||     8
 Stab: Sleeping          |       |       |     1 |     1 ||     2
  Eat: Chunk             |     7 |    17 |    24 |    60 ||   108
       Meat ration       |     1 |       |       |       ||     1
       Pizza             |       |       |     2 |       ||     2
       Bread ration      |       |       |     3 |     3 ||     6
       Beef jerky        |       |       |     1 |     1 ||     2
       Fruit             |       |       |       |     1 ||     1
Armor: Animal skin       |    35 |    52 |    77 |    86 ||   250
       Troll leather arm |       |       |       |    50 ||    50
Dodge: Dodged            |    64 |   106 |   156 |   323 ||   649
